 Dungeon Crawl Stone Soup version 0.17-a0-1575-g9a29ec8 (webtiles) character file.

445 KarlFookinTanner the Sneak (level 6, -2/61 HPs)
             Began as a Troll Assassin on July 22, 2015.
             Slain by a hound (5 damage)
             ... on level 4 of the Dungeon on July 26, 2015.
             The game lasted 00:59:34 (2880 turns).

KarlFookinTanner the Sneak (Troll Assassin)         Turns: 2880, Time: 00:59:39

Health: -2/61      AC:  7    Str: 20    XL:     6   Next: 72%
Magic:  5/5        EV:  9    Int:  7    God:
Gold:   174        SH:  0    Dex: 13    Spells: 0 memorised, 5 levels left

rFire  . . .     SeeInvis +     G - +0 rapier
rCold  . . .     Clarity  .     C - +1 robe
rNeg   + . .     SustAt   .     (no shield)
rPois  .         Gourm    +     (helmet restricted)
rElec  .         Spirit   .     d - +0 cloak
rCorr  .         Warding  +     (gloves unavailable)
rMut   .         Stasis   .     (boots unavailable)
MR     .....                    w - amulet of warding
Stlth  ++........               (no ring)
                                b - ring of see invisible

@: lethally poisoned (-2 -> -2), not resistant to hostile enchantments,
unstealthy
A: unfitting armour, claws 3, fast metabolism 3, gourmand, regeneration 2,
shaggy fur 1, tough skin 2
a: no special abilities


You were on level 4 of the Dungeon.
You were not hungry.

You visited 1 branch of the dungeon, and saw 4 of its levels.

You collected 174 gold pieces.

Inventory:

Hand weapons
 a - a +2 dagger
 m - a +0 blowgun
 o - a +0 dagger
 t - a +0 short sword
 x - a cursed -3 spear
 B - a +1 scythe of venom
 D - a +0 short sword
 G - a +0 rapier (weapon)
Missiles
 e - 10 poisoned needles
 p - 25 bolts
 v - 20 stones (quivered)
Armour
 c - a +0 robe
 d - a +0 cloak (worn)
 r - a +0 ring mail
 y - a +0 robe
 z - a +0 robe
 C - a +1 robe (worn)
Jewellery
 b - a ring of see invisible (left claw)
 w - an amulet of warding (around neck)
Magical devices
 A - a wand of magic darts (25)
Scrolls
 n - 4 scrolls of identify
Potions
 h - a potion of lignification {unknown}
 i - a potion of agility {unknown}
 j - 2 potions of flight
 k - 2 potions of curing {unknown}
 l - a potion of haste
Comestibles
 g - 2 bread rations
 E - a chunk of flesh


   Skills:
 - Level 3.3 Fighting
 * Level 3.4 Short Blades
 + Level 2.3 Throwing
 - Level 1.1 Dodging
 + Level 3.8 Stealth


You had 5 spell levels left.
You didn't know any spells.

Dungeon Overview and Level Annotations

Branches:
Dungeon (4/15)
 Temple: D:4-7

Altars:
Yredelemnul


Innate Abilities, Weirdness & Mutations

You are too large for most types of armour.
You have claws for hands.
Your metabolism is lightning-fast.
You like to eat raw meat.
You heal very quickly.
You are covered in fur (AC +1).
You have very tough skin (AC +2).


Message History

Quivering
f - 2 curare-tipped needles for throwing.
Tossing away (i - inventory. (,) - cycle):
f - 2 curare-tipped needles (quivered)
Press: ? - help, Shift-Dir - straight line, f/p - hound
Aim: a hound (lightly wounded)
You toss away a curare-tipped needle.
The curare-tipped needle hits the hound.
The hound is lightly wounded.
You feel sick. The hound bites you.
* * * LOW HITPOINT WARNING * * *
The hound barely misses you.
Tossing away (i - inventory. (,) - cycle):
f - a curare-tipped needle (quivered)
Press: ? - help, Shift-Dir - straight line, f/p - hound
Aim: a hound (lightly wounded)
You toss away a curare-tipped needle.
The curare-tipped needle hits the hound.
The hound is lightly wounded.
The hound bites you.
* * * LOW HITPOINT WARNING * * *
The hound bites you.
You die...

#..#... #...#
...#...##...#
.........(..#
#...........# ...
...........(.$# ## ...
.............(##... #..#
#.#.###..##†h......
#...##.#........@..##.##
.....#.#..##..†.........
...............#..###.##
...............#..#
..........#.#..#..#
..##.#.#..#.#..#..#
.......#..#.#..#..#
.......#......)...###.
.......#....).........


You could see a hound.

Vanquished Creatures
  Sigmund (D:3)
  An orc priest (D:4)
  Jessica (D:3)
  Natasha (D:3)
  An orc wizard (D:4)
  3 worker ants
  4 adders
  3 worms
  5 giant geckos
  8 orcs
  5 giant cockroaches
  5 goblins
  6 hobgoblins
  3 jackals (D:1)
  2 quokkas
  5 bats
  A giant newt (D:2)
  10 kobolds
  9 rats
74 creatures vanquished.

Notes
Turn   | Place    | Note
--------------------------------------------------------------
     0 | D:1      | KarlFookinTanner the Troll Assassin began the quest for the Orb.
     0 | D:1      | Reached XP level 1. HP: 19/19 MP: 0/0
   300 | D:1      | Reached XP level 2. HP: 26/28 MP: 1/1
   650 | D:2      | Reached XP level 3. HP: 33/35 MP: 2/2
   674 | D:2      | Reached skill level 1 in Dodging
   755 | D:2      | Found a basalt altar of Yredelemnul.
  1381 | D:3      | Noticed Jessica
  1392 | D:3      | Killed Jessica
  1392 | D:3      | Reached skill level 3 in Stealth
  1392 | D:3      | Reached XP level 4. HP: 32/42 MP: 3/3
  1853 | D:3      | Upgraded the game from 0.17-a0-1567-gdd419b1 to 0.17-a0-1575-g9a29ec8
  1924 | D:3      | Ab
  2162 | D:3      | Noticed Natasha
  2186 | D:3      | Killed Natasha
  2186 | D:3      | Reached XP level 5. HP: 47/52 MP: 4/4
  2211 | D:3      | Noticed Sigmund
  2224 | D:3      | Killed Sigmund
  2224 | D:3      | Reached XP level 6. HP: 50/61 MP: 5/5
  2880 | D:4      | HP: 3/61 [hound (4)]
  2880 | D:4      | Slain by a hound

Vault maps used:
D:1:      dpeg_arrival_solitude, st_stairs_8
D:2:      lemuel_round_altar, first_bread, dk_noncrumbling_4
D:3:      uniq_jessica, uniq_sigmund, uniq_natasha
D:4:      uniq_robin

Action                   |  1- 3 |  4- 6 || total
-------------------------+-------+-------++-------
Melee: Dagger            |   160 |   145 ||   305
       Rapier            |       |    41 ||    41
 Fire: Blowgun           |       |    52 ||    52
Throw: Stone             |    34 |     1 ||    35
  Use: Scroll            |       |     6 ||     6
 Stab: Sleeping          |     3 |     2 ||     5
  Eat: Bread ration      |     1 |     1 ||     2
       Beef jerky        |     1 |       ||     1
       Meat ration       |     1 |     1 ||     2
       Chunk             |       |     5 ||     5
